 Dungeon Crawl Stone Soup version 0.31-a0-174-g85c54bcb58 (webtiles) character file.

Game seed: 13142320114192628336

70 robbobbor the Gusty (level 4, 0/24 HPs)
             Began as a Tengu Air Elementalist on June 16, 2023.
             Succumbed to an adder's poison
             ... on level 2 of the Dungeon.
             The game lasted 00:09:49 (2173 turns).

robbobbor the Gusty (Tengu Air Elementalist)        Turns: 2173, Time: 00:09:50

Health: 0/24       AC:  2    Str: 11    XL:     4   Next: 22%
Magic:  7/8        EV: 12    Int: 15    God:
Gold:   97         SH:  0    Dex: 14    Spells: 7/8 levels left

rFire   . . .        c - +2 dagger (vamp)
rCold   . . .        (no shield)
rNeg    . . .        a - +0 robe
rPois   .            (helmet restricted)
rElec   .            (no cloak)
rCorr   .            (no gloves)
SInv    .            (boots unavailable)
Will    .....        (no amulet)
Stlth   ++           (no ring)
HPRegen 0.24/turn    (no ring)
MPRegen 0.11/turn

%: no passive effects
@: lethally poisoned (0 -> -12)
A: beak, talons 3
a: no special abilities


You were on level 2 of the Dungeon.
You visited 1 branch of the dungeon, and saw 2 of its levels.

You collected 97 gold pieces.

Inventory:

Hand Weapons
 c - a +2 vampiric dagger (weapon)
Missiles
 d - 5 poisoned darts
Armour
 a - a +0 robe (worn)
Jewellery
 f - a ring of protection from cold
Scrolls
 e - a scroll of amnesia {unknown}
Potions
 b - 2 potions of magic
 g - 2 potions of mutation {unknown}
 h - a potion of curing {unknown}
 i - a potion of cancellation {unknown}


   Skills:
 + Level 0.9 Short Blades
 * Level 2.5 Dodging
 * Level 2.2 Stealth
 * Level 2.5 Spellcasting
 * Level 2.5 Conjurations
 * Level 4.9 Air Magic


You had 7 spell levels left.
You knew the following spells:

 Your Spells              Type           Power      Damage    Failure   Level
a - Shock                 Conj/Air       52%        1d6       4%          1

Your spell library contained the following spells:

 Spells                   Type           Power      Damage    Failure   Level
 Static Discharge         Conj/Air       26%        2-4/arc   7%          2
 Swiftness                Air            16%        N/A       9%          3
 Beastly Appendage        Tmut           2%         N/A       22%         1
 Sandblast                Erth           2%         2d4       22%         1
 Airstrike                Air            8%         2d(2-18)  26%         4
 Passwall                 Tmut/Erth      0%         N/A       32%         2
 Wereblood                Tmut           1%         N/A       32%         2
 Stone Arrow              Conj/Erth      10%        3d7       36%         3
 Call Canine Familiar     Summ           1%         N/A       54%         3
 Portal Projectile        Hex/Tloc       2%         N/A       54%         3
 Spider Form              Tmut/Pois      1%         N/A       54%         3
 Leda's Liquefaction      Hex/Erth       0%         N/A       91%         4


Dungeon Overview and Level Annotations

Branches:
Dungeon (2/15)

Altars:


Innate Abilities, Weirdness & Mutations

You have a beak for a mouth.
You have claws for feet.


Message History

Press: ? - help, Shift-Dir - straight line, f - frilled lizard
Aim: a frilled lizard (asleep, 100% to hit)
The zap hits the frilled lizard.
You kill the frilled lizard!
You see here a frilled lizard corpse.
i - a clear potion An adder comes into view.
The adder barely misses you.
You barely miss the adder. You peck the adder, but do no damage.
The adder bites you.
You are poisoned.
The adder poisons you!
You closely miss the adder. Your kick misses the adder.
Your peck misses the adder.
You feel sick. The adder bites you.
You are more poisoned.
The adder poisons you!
You hit the adder. Your kick misses the adder.
The adder is moderately wounded.
You feel very sick. The adder bites you.
You are lethally poisoned!
The adder poisons you!
You barely miss the adder. Your kick misses the adder.
The adder is moderately wounded.
You feel very sick. The adder bites you.
* * * LOW HITPOINT WARNING * * *
You are more poisoned.
The adder poisons you! The adder barely misses you.
Casting: Shock (safe; 4% risk of failure)
Confirm with . or Enter, or press ? or * to list all spells.
Aiming: Shock (safe; 4% risk of failure)
Press: ? - help, Shift-Dir - straight line The zap hits the adder.
The adder is severely wounded.
The zap hits the adder.
You kill the adder!
* * * LOW HITPOINT WARNING * * *
You feel very sick.
You die...

##### #...#
#.# #@#
###### #.#
#....# #.#
#.##.# #†#
#..#.#####.#
##.#.......#
#.#########
#........
#..######


There were no monsters in sight!

Vanquished Creatures
  An adder (D:2)
  2 worms (D:2)
  3 dart slugs (D:1)
  4 bats
  4 endoplasms
  2 giant cockroaches (D:1)
  7 hobgoblins
  3 quokkas
  4 ball pythons
  A frilled lizard (D:2)
  6 goblins
  6 kobolds
  A rat (D:1)
44 creatures vanquished.

Notes
Turn   | Place    | Note
-------+----------+-------------------------------------------
     0 | D:1      | robbobbor the Tengu Air Elementalist began the quest for
                  | the Orb.
     0 | D:1      | Reached XP level 1. HP: 10/10 MP: 4/4
   209 | D:1      | Reached XP level 2. HP: 15/15 MP: 0/6
   834 | D:1      | Reached XP level 3. HP: 19/19 MP: 4/7
  2063 | D:2      | Reached XP level 4. HP: 18/24 MP: 1/8
  2173 | D:2      | Succumbed to an adder's poison

Illustrated notes

Levels and vault maps discovered:
D:1:      zelgadis_glass_arrival_small, layout_basic, minmay_shallow_snake_nest
D:2:      kennysheep_six_static_rooms, layout_basic, serial_shops, shop,
          st_stairs_2, uniq_jessica

Skill      XL: |  1  2  3 |
---------------+----------+-----
Conjurations   | 2 |  2.5
Short Blades   | |  0.9
Dodging        | |  2.5
Stealth        | |  2.2
Spellcasting   | |  2.5
Air Magic      | |  4.9

Action                     |  1- 3 |  4- 6 || total
---------------------------+-------+-------++-------
  Melee: Dagger            |    12 |     4 ||    16
         Kick              |     4 |       ||     4
         Peck              |     2 |     1 ||     3
   Cast: Shock             |    92 |     5 ||    97
 Armour: Robe              |     2 |       ||     2
  Dodge: Dodged            |     8 |     3 ||    11

Table legend: (Time is in decaauts)
 A = Elapsed time spent in this place.
 B = Non-inter-level travel time spent in this place.
 C = Inter-level travel time spent in this place.
 D = Time resting spent in this place.
 E = Time spent auto-exploring this place.
 F = Levels seen in this place.
 G = Mean time per level.
                   A        B        C        D        E       F      G
               +--------+--------+--------+--------+--------+-----+--------+
         Total |   2172 |   1981 |    191 |     54 |   1420 |   2 | 1086.0 |
       Dungeon |   2172 |   1981 |    191 |     54 |   1420 |   2 | 1086.0 |
               +--------+--------+--------+--------+--------+-----+--------+

Top non-repeatable levels by time:
     D:1: 1639 daAuts
     D:2: 532 daAuts
